 Dungeon Crawl Stone Soup version 0.28-a0-969-g2dcde036d2 (webtiles) character file.

Game seed: 5033525814544922372

110 HessuHobo the Shield-Bearer (level 4, -5/44 HPs)
             Began as a Troll Fighter on Dec 1, 2021.
             Slain by an ogre (8 damage)
             ... on level 5 of the Dungeon.
             The game lasted 00:03:31 (2224 turns).

HessuHobo the Shield-Bearer (Troll Fighter)         Turns: 2224, Time: 00:03:31

Health: -5/44      AC:  4    Str: 26    XL:     4   Next: 61%
Magic:  3/3        EV:  8    Int:  4    God:
Gold:   106        SH:  7    Dex:  9    Spells: 3/3 levels left

rFire   . . .      SeeInvis .   a - +0 flail
rCold   . . .      Faith    .   c - +0 kite shield
rNeg    . . .      Spirit   .   b - +0 robe
rPois   .          Reflect  .   (helmet restricted)
rElec   .          Harm     .   (no cloak)
rCorr   .          Rampage  .   (gloves unavailable)
Will    .....                   (boots unavailable)
Stlth   +.........              (no amulet)
HPRegen 0.94/turn               (no ring)
MPRegen 0.08/turn               (no ring)

@: mighty
A: large, unfitting armour, claws 3, regeneration 1, shaggy fur 1, tough skin 1
a: no special abilities


You were on level 5 of the Dungeon.
You visited 1 branch of the dungeon, and saw 5 of its levels.

You collected 106 gold pieces.

Inventory:

Hand Weapons
 a - a +0 flail (weapon)
Missiles
 k - 66 stones (quivered)
 o - 2 atropa-tipped darts
Armour
 b - a +0 robe (worn)
 c - a +0 kite shield (worn)
Scrolls
 e - 4 scrolls of teleportation {unknown}
 g - a scroll of identify {unknown}
 i - a scroll of brand weapon {unknown}
 m - a scroll of blinking {unknown}
 n - a scroll of noise {unknown}
Potions
 f - a potion of heal wounds {unknown}
 h - a potion of brilliance {unknown}
 j - a potion of lignification {unknown}
 l - a potion of flight {unknown}
 p - a potion of magic {unknown}


   Skills:
 + Level 2.9 Fighting
 + Level 2.5 Maces & Flails
 + Level 0.0 Throwing
 + Level 1.3 Armour
 + Level 2.9 Dodging
 + Level 3.0 Shields


You had 3 spell levels left.
You didn't know any spells.
Your spell library was empty.

Dungeon Overview and Level Annotations

Branches:
Dungeon (5/15)
 Temple: D:4-7

Altars:

Shops:
D:4 (

Annotations:
D:4 Menkaure


Innate Abilities, Weirdness & Mutations

You are too large for most types of armour.
You have claws for hands.
Your natural rate of healing is unusually fast.
You are covered in fur. (AC +1)
You have tough skin. (AC +1)


Message History

You climb downwards.
Level annotation: Menkaure
Found 15 gold pieces and a pair of gloves.
There is a stone staircase leading up here.
You thump the quokka!
You kill the quokka!
Your Shields skill increases to level 3!
No target in view!
An ogre comes into view. It is wielding a +0 giant spiked club.
You see here 15 gold pieces.
The orc wizard shouts!
The orc wizard points at you and mumbles some strange words.
The puff of flame hits you!
There is a stone staircase leading up here.
You climb upwards.
There is a stone staircase leading down here.
You start resting.
HP restored.
You see here a +0 dagger.
There is a stone staircase leading down here.
You climb downwards.
Level annotation: Menkaure
Found a glowing emerald potion.
Found Upreubb's Weapon Boutique.
Found an escape hatch in the floor.
There is a stone staircase leading up here.
There is an escape hatch in the floor here.
The ogre shouts!
You see here a glowing emerald potion.
p - a glowing emerald potion
There is an escape hatch in the floor here.
The ogre hits you with a +0 giant spiked club!!
Ouch! That really hurt!
You slide downwards.
The hatch slams shut behind you.
You feel very mighty all of a sudden.
The ogre hits you with a +0 giant spiked club!
* * * LOW HITPOINT WARNING * * *
You sock the ogre!
The ogre is moderately wounded.
The ogre hits you with a +0 giant spiked club!
You die...

#########
#@.......
.......O.....##
#...##########
..


You could see an ogre.

Vanquished Creatures
  5 adders
  2 worms (D:2)
  A dart slug (D:1)
  An orc (D:3)
  3 endoplasms
  2 giant cockroaches (D:2)
  6 goblins
  3 hobgoblins
  3 quokkas
  8 ball pythons
  8 bats
  4 frilled lizards (D:1)
  5 kobolds
  8 rats
59 creatures vanquished.

Vanquished Creatures (others)
  A plant (D:4)
1 creature vanquished.

Grand Total: 60 creatures vanquished

Notes
Turn   | Place    | Note
-------+----------+-------------------------------------------
     0 | D:1      | HessuHobo the Troll Fighter began the quest for the Orb.
     0 | D:1      | Reached XP level 1. HP: 22/22 MP: 0/0
     6 | D:1      | Noticed a lindwurm
     6 | D:1      | Noticed a water moccasin
     6 | D:1      | Noticed a polar bear
     7 | D:1      | Noticed a komodo dragon
     7 | D:1      | Noticed a wyvern
   233 | D:1      | Found a faded altar of an unknown god.
   267 | D:1      | Reached XP level 2. HP: 29/29 MP: 1/1
   680 | D:2      | Reached XP level 3. HP: 33/36 MP: 2/2
   824 | D:2      | Reached skill level 1 in Armour
  1141 | D:2      | Reached XP level 4. HP: 44/44 MP: 3/3
  1923 | D:3      | Found a glowing drain.
  2086 | D:4      | Noticed Menkaure
  2146 | D:4      | Reached skill level 3 in Shields
  2148 | D:4      | Noticed an ogre
  2212 | D:4      | Found Upreubb's Weapon Boutique.
  2222 | D:5      | Entered Level 5 of the Dungeon
  2223 | D:5      | HP: 2/44 [ogre (14)]
  2224 | D:5      | Slain by an ogre

Illustrated notes

Levels and vault maps discovered:
D:1:      onia_arrival_zoo_common, layout_basic, basic_ecumenical_altar,
          minmay_statues_item
D:2:      layout_basic
D:3:      layout_basic, portal_sewer_entry_e
D:4:      layout_loops_cross, lemuel_mausoleum_altar_kikubaaqudgha,
          minmay_temple_entry_poolview, serial_shops, shop, serial_bayou_pond_d,
          hangedman_decor_diamond_cutter, uniq_eustachio, uniq_menkaure
D:5:      minmay_chambers_of_threes, layout_loops_ring,
          nemelex_spade_bored_becter, grunt_temple_overflow_diamond, uniq_edmund

Skill      XL: |  1  2  3  4 |
---------------+-------------+-----
Maces & Flails | 2 |  2.5
Armour         | 1 |  1.3
Shields        | 3 |  3.0
Fighting       | |  2.9
Dodging        | |  2.9

Action                   |  1- 3 |  4- 6 || total
-------------------------+-------+-------++-------
Melee: Flail             |   142 |    70 ||   212
  Use: Potion            |       |     1 ||     1
 Stab: Sleeping          |       |     1 ||     1
Armor: Robe              |    66 |    28 ||    94
Dodge: Dodged            |    53 |    26 ||    79
Block: Kite shield       |    60 |    25 ||    85

Table legend: (Time is in decaauts)
 A = Elapsed time spent in this place.
 B = Non-inter-level travel time spent in this place.
 C = Inter-level travel time spent in this place.
 D = Time resting spent in this place.
 E = Time spent auto-exploring this place.
 F = Levels seen in this place.
 G = Mean time per level.
                   A        B        C        D        E       F      G
               +--------+--------+--------+--------+--------+-----+--------+
         Total |   2333 |   2278 |     55 |    189 |   1398 |   5 |  466.6 |
       Dungeon |   2333 |   2278 |     55 |    189 |   1398 |   5 |  466.6 |
               +--------+--------+--------+--------+--------+-----+--------+

Top non-repeatable levels by time:
     D:2: 922 daAuts
     D:3: 795 daAuts
     D:1: 587 daAuts
     D:4: 26 daAuts
     D:5: 1 daAuts
